| TOP OF THE 1ST |
|
York Revolution batting - Pitching for Chester Pirates : RHP Erik Comito
|
|
Pitching: RHP Erik Comito
|
|
|
Batting: LHB Quincy Smart
|
0-0: Foul Ball, location: 2F 0-1: Swinging Strike 0-2: Ball 1-2: Strikes out swinging, 2-3 out at first.
|
|
Batting: RHB Dan Shaffer
|
0-0: Ball 1-0: Ball 2-0: Called Strike 2-1: Ball 3-1: Called Strike 3-2: Base on Balls
|
|
Batting: LHB Mike Hawk
|
0-0: Called Strike 0-1: Called Strike 0-2: Strikes out swinging
|
|
Batting: RHB Juan Gonzalez
|
0-0: Ball 1-0: Foul Ball, location: 2F 1-1: Ball 2-1: Ball 3-1: Foul Ball, location: 2F 3-2: Base on Balls Dan Shaffer to second
|
|
Batting: RHB Alexis Graciani
|
0-0: Reached on error, E3 (Groundball, 34S, EV 84.4 MPH) Dan Shaffer to third Juan Gonzalez to second
|
|
Batting: LHB Cipto Pakpahan
|
0-0: Ball 1-0: Called Strike 1-1: Ball 2-1: Foul Ball, location: 2F 2-2: Foul Ball, location: 2F 2-2: Strikes out looking
|
| Top of the 1st over - 0 runs, 0 hits, 1 error, 3 left on base; York 0 - Chester 0 |
| BOTTOM OF THE 1ST |
|
Chester Pirates batting - Pitching for York Revolution : RHP Jordan Lopez
|
|
Pitching: RHP Jordan Lopez
|
|
|
Batting: RHB Edwardo Tanchez
|
0-0: SINGLE (Groundball, 3S, EV 64.4 MPH) (infield hit)
|
|
Batting: RHB Rafael Galicia
|
0-0: Ball 1-0: Foul Ball, location: 2F 1-1: Swinging Strike 1-2: Fly out, F7 (Flyball, 7S, EV 89.4 MPH)
|
|
Batting: RHB Zach Chmieleski
|
0-0: Foul Ball, location: 2F 0-1: Swinging Strike 0-2: Ball 1-2: Foul Ball, location: 2F 1-2: Foul Ball, location: 2F 1-2: Hit by Pitch Edwardo Tanchez to second
|
|
Batting: SHB Mike Corley
|
0-0: Called Strike 0-1: Ball 1-1: Called Strike 1-2: SINGLE (Groundball, 6D, EV 99.4 MPH) Edwardo Tanchez to third Zach Chmieleski to second Runner from 3rd tries for Home, throw by LF and OUT! 7-2
|
|
Batting: RHB Matt Rangel
|
0-0: Called Strike 0-1: Ball 1-1: Swinging Strike 1-2: Ball 2-2: Ball 3-2: Strikes out looking
|
| Bottom of the 1st over - 0 runs, 2 hits, 0 errors, 2 left on base; York 0 - Chester 0 |
| TOP OF THE 2ND |
|
York Revolution batting - Pitching for Chester Pirates : RHP Erik Comito
|
|
Batting: LHB Skyler Bright
|
0-0: Called Strike 0-1: Swinging Strike 0-2: Foul Ball, location: 2F 0-2: Strikes out swinging
|
|
Batting: RHB Josh Jarvis
|
0-0: Called Strike 0-1: Ball 1-1: Ball 2-1: Ball 3-1: Called Strike 3-2: Strikes out swinging, 2-3 out at first.
|
|
Batting: RHB Tim Schell
|
0-0: Ball 1-0: Ground out 5-3 (Groundball, 56, EV 108.8 MPH)
|
| Top of the 2nd over - 0 runs, 0 hits, 0 errors, 0 left on base; York 0 - Chester 0 |
| BOTTOM OF THE 2ND |
|
Chester Pirates batting - Pitching for York Revolution : RHP Jordan Lopez
|
|
Batting: LHB Sean Driscoll
|
0-0: Swinging Strike 0-1: Foul Ball, location: 2F 0-2: Ball 1-2: Foul Ball, location: 2F 1-2: Foul Ball, location: 2F 1-2: Fly out, F8 (Flyball, 8RM, EV 88.1 MPH)
|
|
Batting: SHB Thad Shearing
|
0-0: Called Strike 0-1: Ball 1-1: Ball 2-1: Foul Ball, location: 2F 2-2: Strikes out swinging
|
|
Batting: RHB Bob Buckler
|
0-0: Foul Ball, location: 2F 0-1: Ball 1-1: Swinging Strike 1-2: Ball 2-2: Ball 3-2: Fly out, F8 (Flyball, 8LXD, EV 100.6 MPH)
|
| Bottom of the 2nd over - 0 runs, 0 hits, 0 errors, 0 left on base; York 0 - Chester 0 |
| TOP OF THE 3RD |
|
York Revolution batting - Pitching for Chester Pirates : RHP Erik Comito
|
|
Batting: LHB Quincy Smart
|
0-0: Called Strike 0-1: Foul Ball, location: 2F 0-2: Ball 1-2: Foul Ball, location: 2F 1-2: Ball 2-2: Ball 3-2: Ground out U3 (Groundball, 34, EV 85.0 MPH)
|
|
Batting: RHB Dan Shaffer
|
0-0: Called Strike 0-1: Ball 1-1: Ball 2-1: Ball 3-1: Base on Balls
|
|
Batting: LHB Mike Hawk
|
0-0: Swinging Strike 0-1: Ball 1-1: Ball Passed Ball! Dan Shaffer to second 2-1: Ball 3-1: Foul Ball, location: 2F 3-2: Strikes out swinging
|
|
Batting: RHB Juan Gonzalez
|
0-0: Ground out 5-3 (Groundball, 56, EV 105.0 MPH)
|
| Top of the 3rd over - 0 runs, 0 hits, 0 errors, 1 left on base; York 0 - Chester 0 |
| BOTTOM OF THE 3RD |
|
Chester Pirates batting - Pitching for York Revolution : RHP Jordan Lopez
|
|
Batting: RHB Freddy Mulholland
|
0-0: Called Strike 0-1: Ball 1-1: Swinging Strike 1-2: Ball 2-2: Strikes out swinging
|
|
Batting: RHB Edwardo Tanchez
|
0-0: Called Strike 0-1: Called Strike 0-2: Ball 1-2: Ball 2-2: Foul Ball, location: 2F 2-2: Fly out, F9 (Flyball, 9, EV 86.9 MPH)
|
|
Batting: RHB Rafael Galicia
|
0-0: Ball 1-0: Foul Ball, location: 2F 1-1: Ball 2-1: Called Strike 2-2: SINGLE (Groundball, 4MD, EV 101.9 MPH)
|
|
Batting: RHB Zach Chmieleski
|
0-0: Ball 1-0: Foul Ball, location: 2F 1-1: Foul Ball, location: 2F 1-2: Ball 2-2: Ball 3-2: SINGLE (Flyball, 6D, EV 83.1 MPH) Rafael Galicia to second Rafael Galicia to third
|
|
Batting: SHB Mike Corley
|
0-0: Ball Wild Pitch! Rafael Galicia scores Zach Chmieleski to second 1-0: Ball 2-0: Ball 3-0: Called Strike 3-1: Called Strike 3-2: Fly out, F9 (Flyball, 9LMF, EV 108.1 MPH)
|
| Bottom of the 3rd over - 1 run, 2 hits, 0 errors, 1 left on base; York 0 - Chester 1 |
| TOP OF THE 4TH |
|
York Revolution batting - Pitching for Chester Pirates : RHP Erik Comito
|
|
Batting: RHB Alexis Graciani
|
0-0: Called Strike 0-1: Ball 1-1: Swinging Strike 1-2: Strikes out swinging
|
|
Batting: LHB Cipto Pakpahan
|
0-0: Called Strike 0-1: Called Strike 0-2: Strikes out swinging
|
|
Batting: LHB Skyler Bright
|
0-0: Ball 1-0: SOLO HOME RUN (Flyball, 9D, EV 101.9 MPH), Distance : 396 ft
|
|
Batting: RHB Josh Jarvis
|
0-0: Ball 1-0: Reached on error, E6 (Groundball, 6, EV 101.2 MPH)
|
|
Batting: RHB Tim Schell
|
0-0: Foul Ball, location: 2F 0-1: Ball 1-1: Foul Ball, location: 2F 1-2: Strikes out swinging
|
| Top of the 4th over - 1 run, 1 hit, 1 error, 1 left on base; York 1 - Chester 1 |
| BOTTOM OF THE 4TH |
|
Chester Pirates batting - Pitching for York Revolution : RHP Jordan Lopez
|
|
Batting: RHB Matt Rangel
|
0-0: Called Strike 0-1: Swinging Strike 0-2: Ground out 6-3 (Groundball, 6, EV 83.8 MPH)
|
|
Batting: LHB Sean Driscoll
|
0-0: Ball 1-0: Ground out 4-3 (Groundball, 4, EV 100.0 MPH)
|
|
Batting: SHB Thad Shearing
|
0-0: Swinging Strike 0-1: Ball 1-1: Ball 2-1: Swinging Strike 2-2: Ball 3-2: Foul Ball, location: 2F 3-2: Foul Ball, location: 2F 3-2: Strikes out swinging
|
| Bottom of the 4th over - 0 runs, 0 hits, 0 errors, 0 left on base; York 1 - Chester 1 |
| TOP OF THE 5TH |
|
York Revolution batting - Pitching for Chester Pirates : RHP Erik Comito
|
|
Batting: LHB Quincy Smart
|
0-0: Called Strike 0-1: Foul Ball, location: 2F 0-2: Foul Ball, location: 2F 0-2: Foul Ball, location: 2F 0-2: Hit by Pitch
|
|
Pitching: RHP Justin Rousell
|
|
|
Batting: RHB Dan Shaffer
|
0-0: Called Strike 0-1: Foul Ball, location: 2F 0-2: Fielders Choice at 2nd, 5-4 (Groundball, 56, EV 103.8 MPH)
|
|
Batting: LHB Mike Hawk
|
0-0: Called Strike 0-1: Foul Ball, location: 2F 0-2: Strikes out swinging
|
|
Batting: RHB Juan Gonzalez
|
0-0: Ball 1-0: Fielders Choice at 2nd, 6-4 (Groundball, 56, EV 81.9 MPH)
|
| Top of the 5th over - 0 runs, 0 hits, 0 errors, 1 left on base; York 1 - Chester 1 |
| BOTTOM OF THE 5TH |
|
Chester Pirates batting - Pitching for York Revolution : RHP Jordan Lopez
|
|
Batting: RHB Bob Buckler
|
0-0: Ball 1-0: Ball 2-0: SINGLE (Line Drive, 8RS, EV 103.8 MPH)
|
|
Pitching: RHP Katsushi Endo
|
|
|
Batting: RHB Freddy Mulholland
|
0-0: Ball 1-0: DOUBLE (Flyball, 9D, EV 101.9 MPH) Bob Buckler to third
|
|
Batting: RHB Edwardo Tanchez
|
0-0: Called Strike 0-1: Swinging Strike 0-2: Strikes out swinging
|
|
Batting: RHB Rafael Galicia
|
0-0: Ball 1-0: Called Strike 1-1: Ball 2-1: Called Strike 2-2: SINGLE (Groundball, 56S, EV 72.5 MPH) (infield hit) Bob Buckler scores Freddy Mulholland to third
|
|
Batting: RHB Zach Chmieleski
|
0-0: Ball Rafael Galicia steals 2nd base 1-0: Called Strike 1-1: Foul Ball, location: 2F 1-2: Ball 2-2: Ball 3-2: Foul Ball, location: 2F 3-2: SINGLE (Flyball, 8LS, EV 94.4 MPH) Freddy Mulholland scores Rafael Galicia to third
|
|
Batting: SHB Mike Corley
|
0-0: Called Strike 0-1: Ball 1-1: Ball Wild Pitch! Rafael Galicia scores Zach Chmieleski to second 2-1: Single, Error in OF, E8, batter to second base (Line Drive, 8LS, EV 87.5 MPH) Zach Chmieleski scores
|
|
Batting: RHB Matt Rangel
|
0-0: Called Strike 0-1: Ground out 5-3 (Groundball, 56, EV 88.8 MPH)
|
|
Batting: LHB Sean Driscoll
|
0-0: Foul Ball, location: 2F 0-1: Called Strike 0-2: Strikes out looking
|
| Bottom of the 5th over - 4 runs, 5 hits, 1 error, 1 left on base; York 1 - Chester 5 |
| TOP OF THE 6TH |
|
York Revolution batting - Pitching for Chester Pirates : RHP Justin Rousell
|
|
Batting: RHB Alexis Graciani
|
0-0: Called Strike 0-1: Ball 1-1: Ball 2-1: Fly out, F7 (Flyball, 7, EV 89.4 MPH)
|
|
Batting: LHB Cipto Pakpahan
|
0-0: Ball 1-0: Called Strike 1-1: Ball 2-1: Ground out 1-3 (Groundball, 13, EV 69.4 MPH)
|
|
Batting: LHB Skyler Bright
|
0-0: Called Strike 0-1: Ball 1-1: Foul Ball, location: 2F 1-2: Strikes out swinging
|
| Top of the 6th over - 0 runs, 0 hits, 0 errors, 0 left on base; York 1 - Chester 5 |
| BOTTOM OF THE 6TH |
|
Chester Pirates batting - Pitching for York Revolution : RHP Katsushi Endo
|
|
Pitching: RHP Nick Shumway
|
|
|
Batting: SHB Thad Shearing
|
0-0: Ball 1-0: Called Strike 1-1: Called Strike 1-2: Ball 2-2: Ball 3-2: Base on Balls
|
|
Batting: RHB Bob Buckler
|
0-0: Ball 1-0: Called Strike 1-1: Ball 2-1: Ball 3-1: Base on Balls Thad Shearing to second
|
|
Batting: RHB Freddy Mulholland
|
0-0: Foul Ball, location: 2F 0-1: SINGLE (Line Drive, 8RS, EV 108.1 MPH) Thad Shearing to third Bob Buckler to second Runner from 3rd tries for Home, SAFE, throw by CF to home
|
|
Batting: RHB Edwardo Tanchez
|
0-0: Ball 1-0: Ball 2-0: Called Strike 2-1: Foul Ball, location: 2F 2-2: Foul Ball, location: 2F 2-2: Ball 3-2: DOUBLE (Flyball, 8LXD, EV 99.4 MPH) Bob Buckler scores Freddy Mulholland to third
|
|
Batting: RHB Rafael Galicia
|
0-0: Called Strike 0-1: Ball 1-1: Ball 2-1: Ball 3-1: Base on Balls
|
|
Batting: RHB Zach Chmieleski
|
0-0: Ball 1-0: Ball 2-0: Called Strike 2-1: Ball 3-1: Foul Ball, location: 2F 3-2: SINGLE (Flyball, 7LS, EV 86.2 MPH) Freddy Mulholland scores Edwardo Tanchez to third Rafael Galicia to second
|
|
Batting: SHB Mike Corley
|
0-0: Ball 1-0: Called Strike 1-1: Foul Ball, location: 2F 1-2: Foul Ball, location: 2F 1-2: Foul Ball, location: 2F 1-2: SINGLE (Line Drive, 5L, EV 93.8 MPH) Edwardo Tanchez scores Rafael Galicia to third Zach Chmieleski to second
|
|
Pitching: RHP A.J. Newman
|
|
|
Batting: RHB Matt Rangel
|
0-0: SINGLE (Line Drive, 9LS, EV 102.5 MPH) Rafael Galicia scores Zach Chmieleski to third Mike Corley to second
|
|
Batting: LHB Sean Driscoll
|
0-0: Ball 1-0: Ball 2-0: Grounds into double play, 3-6-1 (Groundball, 3, EV 82.5 MPH) Zach Chmieleski scores Mike Corley to third
|
|
Batting: SHB Thad Shearing
|
0-0: Ball 1-0: Ball 2-0: Called Strike 2-1: Foul Ball, location: 2F 2-2: Ball 3-2: Strikes out swinging
|
| Bottom of the 6th over - 6 runs, 5 hits, 0 errors, 1 left on base; York 1 - Chester 11 |
| TOP OF THE 7TH |
|
York Revolution batting - Pitching for Chester Pirates : RHP Justin Rousell
|
|
Batting: RHB Josh Jarvis
|
0-0: Ball 1-0: Swinging Strike 1-1: Foul Ball, location: 2F 1-2: Foul Ball, location: 2F 1-2: Ball 2-2: Foul Ball, location: 2F 2-2: Strikes out swinging
|
|
Batting: RHB Tim Schell
|
0-0: Called Strike 0-1: Ball 1-1: Called Strike 1-2: Strikes out looking
|
|
Batting: LHB Quincy Smart
|
0-0: Ball 1-0: Ball 2-0: Called Strike 2-1: Called Strike 2-2: Strikes out looking
|
| Top of the 7th over - 0 runs, 0 hits, 0 errors, 0 left on base; York 1 - Chester 11 |
| BOTTOM OF THE 7TH |
|
Chester Pirates batting - Pitching for York Revolution : RHP A.J. Newman
|
|
Batting: RHB Bob Buckler
|
0-0: Swinging Strike 0-1: Foul Ball, location: 2F 0-2: Foul Ball, location: 2F 0-2: Strikes out swinging
|
|
Batting: RHB Freddy Mulholland
|
0-0: Ball 1-0: Foul Ball, location: 2F 1-1: SINGLE (Line Drive, 6MD, EV 103.8 MPH)
|
|
Batting: RHB Edwardo Tanchez
|
0-0: Swinging Strike 0-1: Ball Wild Pitch! Freddy Mulholland to second 1-1: Ball 2-1: Ball 3-1: Called Strike 3-2: Foul Ball, location: 2F 3-2: Base on Balls
|
|
Batting: RHB Rafael Galicia
|
0-0: Ball 1-0: SINGLE (Groundball, 4MD, EV 95.0 MPH) Freddy Mulholland to third Edwardo Tanchez to second Throwing error, E8 Freddy Mulholland scores Edwardo Tanchez to third Rafael Galicia to second
|
|
Batting: RHB Zach Chmieleski
|
0-0: Called Strike 0-1: Foul Ball, location: 2F 0-2: Ball 1-2: Ball 2-2: Foul Ball, location: 2F 2-2: Foul Ball, location: 2F 2-2: SINGLE (Line Drive, 56D, EV 95.6 MPH) Edwardo Tanchez scores Rafael Galicia to third
|
|
Batting: SHB Mike Corley
|
0-0: Ball Passed Ball! Rafael Galicia scores Zach Chmieleski to second 1-0: Foul Ball, location: 2F 1-1: Foul Ball, location: 2F 1-2: Fly out, F7 (Flyball, 7LSF, EV 86.9 MPH)
|
|
Batting: RHB Matt Rangel
|
0-0: Called Strike 0-1: SINGLE (Flyball, 9S, EV 85.0 MPH) Zach Chmieleski to third Runner from 3rd tries for Home, SAFE, throw by RF to home
|
|
Batting: LHB Sean Driscoll
|
0-0: Called Strike 0-1: Swinging Strike 0-2: Strikes out swinging
|
| Bottom of the 7th over - 4 runs, 4 hits, 1 error, 1 left on base; York 1 - Chester 15 |
| TOP OF THE 8TH |
|
York Revolution batting - Pitching for Chester Pirates : RHP Justin Rousell
|
|
Pitching: RHP Bill Gomez
|
|
|
Batting: RHB Dan Shaffer
|
0-0: Ball 1-0: Ground out 5-3 (Groundball, 56S, EV 88.8 MPH)
|
|
Batting: LHB Mike Hawk
|
0-0: Called Strike 0-1: Called Strike 0-2: Fly out, F8 (Flyball, 78XD, EV 93.8 MPH)
|
|
Pinch Hitting: RHB Zach Walk
|
0-0: Ball 1-0: Called Strike 1-1: Called Strike 1-2: Foul Ball, location: 2F 1-2: Ball 2-2: SINGLE (Line Drive, 56D, EV 100.6 MPH)
|
|
Batting: RHB Alexis Graciani
|
0-0: Ball 1-0: Ball 2-0: Swinging Strike 2-1: Called Strike 2-2: Ball Wild Pitch! Zach Walk to second 3-2: Base on Balls
|
|
Batting: LHB Cipto Pakpahan
|
0-0: Ball 1-0: Ball 2-0: Foul Ball, location: 2F 2-1: Called Strike 2-2: Ball 3-2: Strikes out swinging
|
| Top of the 8th over - 0 runs, 1 hit, 0 errors, 2 left on base; York 1 - Chester 15 |
| BOTTOM OF THE 8TH |
|
Chester Pirates batting - Pitching for York Revolution : RHP A.J. Newman
|
|
Now in LF: Zach Walk
|
|
|
Now in RF: Skyler Bright
|
|
|
Batting: SHB Thad Shearing
|
0-0: Foul Ball, location: 2F 0-1: Ball 1-1: Swinging Strike 1-2: Strikes out looking
|
|
Batting: RHB Bob Buckler
|
0-0: Ball 1-0: Called Strike 1-1: Called Strike 1-2: Foul Ball, location: 2F 1-2: Strikes out swinging, 2-3 out at first.
|
|
Batting: RHB Freddy Mulholland
|
0-0: Ball 1-0: Ball 2-0: Ball 3-0: Base on Balls
|
|
Pitching: RHP Edgar Garza
|
|
|
Batting: RHB Edwardo Tanchez
|
0-0: Ball 1-0: Ball 2-0: Called Strike 2-1: Foul Ball, location: 2F 2-2: Ball 3-2: SINGLE (Groundball, 34D, EV 106.2 MPH) Freddy Mulholland to second Freddy Mulholland to third
|
|
Batting: RHB Rafael Galicia
|
0-0: Foul Ball, location: 2F 0-1: SINGLE (Groundball, 6S, EV 67.5 MPH) (infield hit) Freddy Mulholland scores Edwardo Tanchez to second
|
|
Batting: RHB Zach Chmieleski
|
0-0: Ball 1-0: Ball 2-0: Called Strike 2-1: Ball 3-1: Called Strike 3-2: Fly out, F8 (Flyball, 8LS, EV 88.1 MPH)
|
| Bottom of the 8th over - 1 run, 2 hits, 0 errors, 2 left on base; York 1 - Chester 16 |
| TOP OF THE 9TH |
|
York Revolution batting - Pitching for Chester Pirates : RHP Bill Gomez
|
|
Pinch Hitting: RHB Justin Crowder
|
0-0: Ball 1-0: Ball 2-0: Ball 3-0: Base on Balls
|
|
Pitching: RHP Colin Walker
|
|
|
Batting: RHB Josh Jarvis
|
0-0: DOUBLE (Line Drive, 89M, EV 85.6 MPH) Justin Crowder to third
|
|
Batting: RHB Tim Schell
|
0-0: Ground out 6-3 (Groundball, 56D, EV 100.0 MPH) Justin Crowder scores
|
|
Batting: LHB Quincy Smart
|
0-0: Ball 1-0: Called Strike 1-1: SINGLE (Groundball, 34D, EV 99.4 MPH) Josh Jarvis to third
|
|
Batting: RHB Dan Shaffer
|
0-0: Swinging Strike 0-1: Ball 1-1: Foul Ball, location: 2F 1-2: Strikes out looking
|
|
Batting: LHB Mike Hawk
|
0-0: Ball 1-0: Fly out, F8 (Flyball, 78M, EV 83.1 MPH)
|
| Top of the 9th over - 1 run, 2 hits, 0 errors, 2 left on base; York 2 - Chester 16 |
|